 Dungeon Crawl Stone Soup version 0.31-a0-1370-gf52a5a9ab3 (webtiles) character file.

Game seed: 9959804291062012269

10 Sabo the Trooper (level 2, 24/24 HPs)
             Began as a Demonspawn Monk on Dec 23, 2023.
             Got out of the dungeon alive.
             The game lasted 00:01:00 (166 turns).

Sabo the Trooper (Demonspawn Monk)                   Turns: 166, Time: 00:01:01

Health: 24/24      AC:  6    Str: 11    XL:     2   Next: 10%
Magic:  2/2        EV: 11    Int: 10    God:
Gold:   24         SH:  0    Dex: 15    Spells: 1/1 levels left

rFire   . . .        a - +0 hand axe
rCold   . . .        d - orb {light}
rNeg    . . .        f - +0 ring mail
rPois   .            e - +0 helmet
rElec   .            (no cloak)
rCorr   .            (no gloves)
SInv    .            (no boots)
Will    .....        (no amulet)
Stlth   +            (no ring)
HPRegen 0.24/turn    (no ring)
MPRegen 0.08/turn

%: no passive effects
@: glowing
A: demonic magic 1
a: no special abilities


You escaped.
You visited 1 branch of the dungeon, and saw 1 of its levels.

You collected 24 gold pieces.

Inventory:

Hand Weapons
 a - a +0 hand axe (weapon)
Armour
 d - an orb of light (worn)
 e - a +0 helmet (worn)
 f - a +0 ring mail (worn)
Potions
 c - a potion of ambrosia


   Skills:
 + Level 3.2 Fighting
 + Level 2.9 Axes
 + Level 2.8 Dodging


You had one spell level left.
You didn't know any spells.
Your spell library was empty.

Dungeon Overview and Level Annotations

Branches:
Dungeon (1/15)

Altars:


Innate Abilities, Weirdness & Mutations

Spells you cast may paralyse adjacent enemies.


Message History

The bat barely misses you.
You hit the bat.
You kill the bat!
You now have 24 gold pieces (gained 8).
A bat, a rat and a hobgoblin come into view.
The rat squeaks loudly.
The hobgoblin shouts!
You hear an angry hiss.
A frilled lizard comes into view.
The bat hits you. The bat barely misses you.
You closely miss the bat. The bat hits you but does no damage.
You hit the bat but do no damage. You hit the hobgoblin. The bat misses you.
The frilled lizard unfolds its giant frill.
The hobgoblin closely misses you.
You closely miss the bat. You hit the hobgoblin.
You kill the hobgoblin!
You hit the rat. The bat misses you. The rat bites you but does no damage.
You have reached level 2!
Your demonic ancestry asserts itself...
A menacing aura infuses your magic.
You hit the rat.
You kill the rat!
You closely miss the frilled lizard. The bat hits you but does no damage.
The frilled lizard bites you but does no damage.
The bat barely misses you.
You hit the frilled lizard.
The frilled lizard is heavily wounded.
You hit the bat. The bat barely misses you.
The frilled lizard barely misses you. The bat hits you but does no damage.
The frilled lizard barely misses you.
You hit the frilled lizard.
You kill the frilled lizard!
You hit the bat but do no damage. The bat hits you but does no damage.
The bat hits you but does no damage.
You hit the bat.
You kill the bat!
You see here a quokka corpse.
You open the large door.
There is a large open door here.
There is a staircase leading out of the dungeon here.
You have escaped!

##''###''##...#
#.........#.###
#.........#.
#.........#
#.#.....#.#
#.#.....#.#
#.........#
#.........#
#....@....#
###########


There were no monsters in sight!

Vanquished Creatures
  2 bats (D:1)
  A giant cockroach (D:1)
  2 hobgoblins (D:1)
  2 quokkas (D:1)
  A frilled lizard (D:1)
  A rat (D:1)
9 creatures vanquished.

Notes
Turn   | Place    | Note
-------+----------+-------------------------------------------
     0 | D:1      | Sabo the Demonspawn Monk began the quest for the Orb.
     0 | D:1      | Reached XP level 1. HP: 18/18 MP: 1/1
   119 | D:1      | Gained mutation: Spells you cast may paralyse adjacent
                  | enemies. [demonic ancestry]
   119 | D:1      | Reached XP level 2. HP: 24/24 MP: 2/2
   166 | D:$      | Got out of the dungeon alive.

Illustrated notes

Levels and vault maps discovered:
D:1:      lemuel_arrival_behind_the_door_large, layout_basic,
          nicolae_shop_vocational

Action                     || total
---------------------------++-------
  Melee: Hand axe          ||    24
 Armour: Ring mail         ||    11
         Robe              ||     3
  Dodge: Dodged            ||    20

Table legend: (Time is in decaauts)
 A = Elapsed time spent in this place.
 B = Non-inter-level travel time spent in this place.
 C = Inter-level travel time spent in this place.
 D = Time resting spent in this place.
 E = Time spent auto-exploring this place.
 F = Levels seen in this place.
 G = Mean time per level.
                   A        B        C        D        E       F      G
               +--------+--------+--------+--------+--------+-----+--------+
         Total |    170 |    170 |      0 |      0 |      0 |   1 |  170.0 |
       Dungeon |    170 |    170 |      0 |      0 |      0 |   1 |  170.0 |
               +--------+--------+--------+--------+--------+-----+--------+

Top non-repeatable levels by time:
     D:1: 170 daAuts
